3AAA
GRYFINDOR BRAVES @ ALASKAN HUMPBACKS
08/18/2023
 
TOP OF THE 1ST
Gryfindor Braves batting - Pitching for Alaskan Humpbacks : RHP Jim Unknown
Pitching: RHP Jim Unknown
Batting: SHB Alonso Márquez 0-0: Ball
1-0: Ground out U3 (Groundball, 3S)
Batting: RHB Manuel González 0-0: Ball
1-0: Ball
2-0: Bunt for hit - play at first, batter OUT! 5-3
Batting: RHB Rafael Arredondo 0-0: Ball
1-0: Ball
2-0: Called Strike
2-1: Ball
3-1: Foul Ball, location: 2F
3-2: Base on Balls
Batting: LHB Dave Lee 0-0: Ball
1-0: Called Strike
1-1: Foul Ball, location: 2F
1-2: Ball
2-2: Foul Ball, location: 2F
2-2: Ball
3-2: SINGLE (Groundball, 34)
Rafael Arredondo to second
Rafael Arredondo to third
Batting: LHB Micheal Garren 0-0: Called Strike
0-1: Ball
1-1: Ball
2-1: Foul Ball, location: 2F
2-2: Ball
3-2: Base on Balls
Dave Lee to second
Batting: SHB Emílio Gonzáles 0-0: Called Strike
0-1: Foul Ball, location: 2F
0-2: Ball
1-2: Fly out, F4 (Line Drive, 4)
Top of the 1st over - 0 run(s), 1 hit(s), 0 error(s), 3 left on base; Gryfindor 0 - Alaskan 0
BOTTOM OF THE 1ST
Alaskan Humpbacks batting - Pitching for Gryfindor Braves : RHP Don Cunningham
Pitching: RHP Don Cunningham
Batting: RHB Fernando Pérez 0-0: Ground out 6-3 (Groundball, 6MS)
Batting: RHB Iván Hernández 0-0: Ball
1-0: Called Strike
1-1: Swinging Strike
1-2: Ball
2-2: Ball
3-2: SINGLE (Line Drive, 4D)
Batting: SHB Al Anderson 0-0: Ball
1-0: Called Strike
Iván Hernández steals 2nd base
1-1: Swinging Strike
1-2: Ball
2-2: SINGLE (Groundball, 56D)
Iván Hernández to third
Runner from 3rd tries for Home, SAFE, no throw or cutoff
Batting: RHB Román Centena 0-0: Ball
1-0: Ball
2-0: Ball
3-0: Called Strike
3-1: Base on Balls
Al Anderson to second
Batting: LHB Tom Benjamin 0-0: Ball
1-0: Grounds into double play, 4-6-3 (Groundball, 4)
Bottom of the 1st over - 1 run(s), 2 hit(s), 0 error(s), 1 left on base; Gryfindor 0 - Alaskan 1
TOP OF THE 2ND
Gryfindor Braves batting - Pitching for Alaskan Humpbacks : RHP Jim Unknown
Batting: SHB Reed Ramsey 0-0: Ball
1-0: Swinging Strike
1-1: Ball
2-1: Swinging Strike
2-2: Foul Ball, location: 2F
2-2: SINGLE (Groundball, 34D)
Batting: LHB Jim Unknown 0-0: DOUBLE (Line Drive, 9LS)
Reed Ramsey to third
Batting: RHB Jim Unknown 0-0: Ball
1-0: Ground out 6-3 (Groundball, 6)
Reed Ramsey scores
Batting: SHB Alonso Márquez 0-0: Ball
1-0: Ground out 4-3 (Groundball, 4)
Jim Unknown to third
Batting: RHB Manuel González 0-0: Ground out 5-3 (Groundball, 5)
Top of the 2nd over - 1 run(s), 2 hit(s), 0 error(s), 1 left on base; Gryfindor 1 - Alaskan 1
BOTTOM OF THE 2ND
Alaskan Humpbacks batting - Pitching for Gryfindor Braves : RHP Don Cunningham
Batting: LHB James Sorensen 0-0: Ball
1-0: Ball
2-0: Ball
3-0: Base on Balls
Batting: RHB Steven Grant 0-0: Called Strike
0-1: Called Strike
0-2: Ball
1-2: Strikes out looking
Batting: LHB Guomez Nabeiro 0-0: Reached on error, E4 (Groundball, 4)
James Sorensen to second
Batting: RHB José Sosa 0-0: Ball
1-0: Called Strike
1-1: Foul Ball, location: 2F
1-2: Strikes out looking
Batting: RHB Fernando Pérez 0-0: Called Strike
0-1: Swinging Strike
0-2: Ball
1-2: Fly out, F9 (Flyball, 89M)
Bottom of the 2nd over - 0 run(s), 0 hit(s), 1 error(s), 2 left on base; Gryfindor 1 - Alaskan 1
TOP OF THE 3RD
Gryfindor Braves batting - Pitching for Alaskan Humpbacks : RHP Jim Unknown
Batting: RHB Rafael Arredondo 0-0: Called Strike
0-1: Ball
1-1: Swinging Strike
1-2: Fly out, F7 (Line Drive, 7M)
Batting: LHB Dave Lee 0-0: Called Strike
0-1: Called Strike
0-2: Strikes out swinging
Batting: LHB Micheal Garren 0-0: SOLO HOME RUN (Flyball, 9D), Distance : 366 ft
Batting: SHB Emílio Gonzáles 0-0: Foul Ball, location: 2F
0-1: Ball
1-1: Foul Ball, location: 2F
1-2: Ball
2-2: Fly out, F3 (Popup, 3SF)
Top of the 3rd over - 1 run(s), 1 hit(s), 0 error(s), 0 left on base; Gryfindor 2 - Alaskan 1
BOTTOM OF THE 3RD
Alaskan Humpbacks batting - Pitching for Gryfindor Braves : RHP Don Cunningham
Batting: RHB Iván Hernández 0-0: Foul Ball, location: 2F
0-1: Called Strike
0-2: SINGLE (Line Drive, 34D)
Batting: SHB Al Anderson 0-0: Ball
1-0: Called Strike
1-1: Ball
2-1: Foul Ball, location: 2F
2-2: Strikes out swinging
Batting: RHB Román Centena 0-0: Ball
1-0: Ball
2-0: Called Strike
2-1: Foul Ball, location: 2F
2-2: Ball
3-2: Fly out, F4 (Popup, 4M)
Batting: LHB Tom Benjamin 0-0: Ball
1-0: Ball
2-0: Called Strike
2-1: Called Strike
2-2: Foul Ball, location: 2F
2-2: Fly out, F9 (Line Drive, 9D)
Bottom of the 3rd over - 0 run(s), 1 hit(s), 0 error(s), 1 left on base; Gryfindor 2 - Alaskan 1
TOP OF THE 4TH
Gryfindor Braves batting - Pitching for Alaskan Humpbacks : RHP Jim Unknown
Batting: SHB Reed Ramsey 0-0: DOUBLE (Flyball, 8RXD)
Batting: LHB Jim Unknown 0-0: Ball
1-0: Swinging Strike
1-1: Foul Ball, location: 2F
1-2: Foul Ball, location: 2F
1-2: Foul Ball, location: 2F
1-2: Strikes out swinging
Batting: RHB Jim Unknown 0-0: Ball
1-0: Foul Ball, location: 2F
1-1: Ball
2-1: SINGLE (Flyball, 4MD)
Reed Ramsey to third
Runner from 3rd tries for Home, SAFE, throw made home
Jim Unknown to second
Batting: SHB Alonso Márquez 0-0: Called Strike
0-1: Foul Ball, location: 2F
0-2: Ball
1-2: Foul Ball, location: 2F
1-2: Ball
2-2: Foul Ball, location: 2F
2-2: Ball
3-2: DOUBLE (Line Drive, 9LM)
Jim Unknown scores
Batting: RHB Manuel González 0-0: Foul Ball, location: 2F
0-1: Ball
Alonso Márquez steals 3rd base
1-1: Ball
2-1: Ball
3-1: Fly out, F8 (Flyball, 8RM)
Runner from 3rd tags up, SCORES, no throw
Batting: RHB Rafael Arredondo 0-0: Ball
1-0: Ball
2-0: SOLO HOME RUN (Flyball, 89XD), Distance : 416 ft
Batting: LHB Dave Lee 0-0: Called Strike
0-1: Called Strike
0-2: Ball
1-2: Ball
2-2: SINGLE (Groundball, 4MD)
Pitching: RHP Jim Unknown
Batting: LHB Micheal Garren 0-0: Ball
1-0: Ball
2-0: Called Strike
2-1: Called Strike
2-2: Ball
3-2: Base on Balls
Dave Lee to second
Batting: SHB Emílio Gonzáles 0-0: Fly out, F9 (Flyball, 9M)
Top of the 4th over - 4 run(s), 5 hit(s), 0 error(s), 2 left on base; Gryfindor 6 - Alaskan 1
BOTTOM OF THE 4TH
Alaskan Humpbacks batting - Pitching for Gryfindor Braves : RHP Don Cunningham
Batting: LHB James Sorensen 0-0: Called Strike
0-1: Called Strike
0-2: Reached on Error, E7 (Line Drive, 7M)
Batting: RHB Steven Grant 0-0: Called Strike
0-1: Ball
1-1: Ground out 4-3 (Groundball, 4)
James Sorensen to third
Batting: LHB Guomez Nabeiro 0-0: Called Strike
0-1: Ball
1-1: Ball
2-1: Foul Ball, location: 2F
2-2: Ball
Wild Pitch!
James Sorensen scores
3-2: Base on Balls
Batting: RHB José Sosa 0-0: Called Strike
0-1: Ball
1-1: Swinging Strike
1-2: Foul Ball, location: 2F
1-2: Strikes out swinging
Batting: RHB Fernando Pérez 0-0: SINGLE (Line Drive, 7S)
Guomez Nabeiro to second
Batting: RHB Iván Hernández 0-0: Called Strike
0-1: Called Strike
0-2: SINGLE (Line Drive, 9S)
Guomez Nabeiro to third
Fernando Pérez to second
Batting: SHB Al Anderson 0-0: Swinging Strike
0-1: Ball
1-1: Foul Ball, location: 2F
1-2: Ball
2-2: SINGLE (Groundball, 34D)
Guomez Nabeiro scores
Fernando Pérez to third
Iván Hernández to second
Runner from 3rd tries for Home, SAFE, no throw or cutoff
Batting: RHB Román Centena 0-0: SINGLE (Groundball, 56D)
Iván Hernández to third
Al Anderson to second
Runner from 3rd tries for Home, SAFE, no throw or cutoff
Batting: LHB Tom Benjamin 0-0: Ball
Wild Pitch!
Al Anderson to third
Román Centena to second
1-0: Foul Ball, location: 2F
1-1: Foul Ball, location: 2F
1-2: Strikes out looking
Bottom of the 4th over - 4 run(s), 4 hit(s), 1 error(s), 2 left on base; Gryfindor 6 - Alaskan 5
TOP OF THE 5TH
Gryfindor Braves batting - Pitching for Alaskan Humpbacks : RHP Jim Unknown
Batting: SHB Reed Ramsey 0-0: Called Strike
0-1: Ground out 4-3 (Groundball, 4M)
Batting: LHB Jim Unknown 0-0: Ball
1-0: Ball
2-0: Ball
3-0: Base on Balls
Batting: RHB Jim Unknown 0-0: Ball
1-0: Fly out, F9 (Flyball, 9S)
Batting: SHB Alonso Márquez 0-0: Ball
1-0: SINGLE (Groundball, 4MD)
Jim Unknown to second
Batting: RHB Manuel González 0-0: Called Strike
0-1: Ball
1-1: Called Strike
1-2: Ball
2-2: Ball
3-2: Foul Ball, location: 2F
3-2: Strikes out swinging
Top of the 5th over - 0 run(s), 1 hit(s), 0 error(s), 2 left on base; Gryfindor 6 - Alaskan 5
BOTTOM OF THE 5TH
Alaskan Humpbacks batting - Pitching for Gryfindor Braves : RHP Don Cunningham
Batting: LHB James Sorensen 0-0: Called Strike
0-1: Fly out, F7 (Flyball, 7S)
Batting: RHB Steven Grant 0-0: Ball
1-0: Ball
2-0: Ball
3-0: Called Strike
3-1: Swinging Strike
3-2: Base on Balls
Pitching: RHP Alexander Allen
Batting: LHB Guomez Nabeiro 0-0: Ball
1-0: Called Strike
1-1: Ball
2-1: Swinging Strike
2-2: Strikes out looking
Batting: RHB José Sosa 0-0: Foul Ball, location: 2F
0-1: Swinging Strike
0-2: Ball
1-2: Ground out 6-3 (Groundball, 6)
Bottom of the 5th over - 0 run(s), 0 hit(s), 0 error(s), 1 left on base; Gryfindor 6 - Alaskan 5
TOP OF THE 6TH
Gryfindor Braves batting - Pitching for Alaskan Humpbacks : RHP Jim Unknown
Batting: RHB Rafael Arredondo 0-0: SINGLE (Groundball, 6S) (infield hit)
Batting: LHB Dave Lee 0-0: Fly out, F9 (Flyball, 89M)
Batting: LHB Micheal Garren 0-0: Called Strike
0-1: Called Strike
0-2: Fly out, F7 (Flyball, 7M)
Batting: SHB Emílio Gonzáles 0-0: Called Strike
0-1: Ball
1-1: Swinging Strike
1-2: Ball
2-2: Ground out 1-3 (Groundball, 15S)
Top of the 6th over - 0 run(s), 1 hit(s), 0 error(s), 1 left on base; Gryfindor 6 - Alaskan 5
BOTTOM OF THE 6TH
Alaskan Humpbacks batting - Pitching for Gryfindor Braves : RHP Alexander Allen
Batting: RHB Fernando Pérez 0-0: Ball
1-0: Ball
2-0: Called Strike
2-1: Ball
3-1: Ground out 5-3 (Groundball, 56)
Batting: RHB Iván Hernández 0-0: Called Strike
0-1: Called Strike
0-2: Ball
1-2: Ground out 4-3 (Groundball, 4M)
Batting: SHB Al Anderson 0-0: Called Strike
0-1: Foul Ball, location: 2F
0-2: Strikes out swinging
Bottom of the 6th over - 0 run(s), 0 hit(s), 0 error(s), 0 left on base; Gryfindor 6 - Alaskan 5
TOP OF THE 7TH
Gryfindor Braves batting - Pitching for Alaskan Humpbacks : RHP Jim Unknown
Batting: SHB Reed Ramsey 0-0: Ball
1-0: Foul Ball, location: 2F
1-1: Fly out, F6 (Line Drive, 6)
Batting: LHB Jim Unknown 0-0: Called Strike
0-1: Foul Ball, location: 2F
0-2: Strikes out looking
Batting: RHB Jim Unknown 0-0: Ball
1-0: Called Strike
1-1: Ball
2-1: Ball
3-1: Foul Ball, location: 2F
3-2: Foul Ball, location: 2F
3-2: Base on Balls
Pinch Hitting: RHB Jim Unknown 0-0: Ball
1-0: Ball
2-0: Ground out 5-3 (Groundball, 5)
Top of the 7th over - 0 run(s), 0 hit(s), 0 error(s), 1 left on base; Gryfindor 6 - Alaskan 5
BOTTOM OF THE 7TH
Alaskan Humpbacks batting - Pitching for Gryfindor Braves : RHP Alexander Allen
Now at SS: Jim Unknown
Batting: RHB Román Centena 0-0: Called Strike
0-1: Ball
1-1: SOLO HOME RUN (Flyball, 7D), Distance : 384 ft
Batting: LHB Tom Benjamin 0-0: Called Strike
0-1: Ball
1-1: Foul Ball, location: 2F
1-2: Fly out, F9 (Flyball, 89D)
Batting: LHB James Sorensen 0-0: Called Strike
0-1: Ball
1-1: Foul Ball, location: 2F
1-2: Fly out, F3 (Line Drive, 34)
Batting: RHB Steven Grant 0-0: Called Strike
0-1: Ball
1-1: Fly out, F9 (Flyball, 89S)
Bottom of the 7th over - 1 run(s), 1 hit(s), 0 error(s), 0 left on base; Gryfindor 6 - Alaskan 6
TOP OF THE 8TH
Gryfindor Braves batting - Pitching for Alaskan Humpbacks : RHP Jim Unknown
Batting: RHB Manuel González 0-0: Ball
1-0: Called Strike
1-1: Fly out, F8 (Flyball, 8LM)
Pitching: RHP Jim Unknown
Batting: RHB Rafael Arredondo 0-0: Called Strike
0-1: Foul Ball, location: 2F
0-2: Ball
1-2: SINGLE (Line Drive, 4D)
Batting: LHB Dave Lee 0-0: Called Strike
0-1: Ball
1-1: Fly out, F7 (Flyball, 7D)
Batting: LHB Micheal Garren 0-0: Ball
1-0: Called Strike
1-1: Fly out, F7 (Flyball, 78M)
Top of the 8th over - 0 run(s), 1 hit(s), 0 error(s), 1 left on base; Gryfindor 6 - Alaskan 6
BOTTOM OF THE 8TH
Alaskan Humpbacks batting - Pitching for Gryfindor Braves : RHP Alexander Allen
Batting: LHB Guomez Nabeiro 0-0: Foul Ball, location: 2F
0-1: Swinging Strike
0-2: Ball
1-2: Ball
2-2: Strikes out swinging
Pinch Hitting: RHB Guillaume Colin 0-0: Ball
1-0: Called Strike
1-1: Swinging Strike
1-2: Ball
2-2: Foul Ball, location: 2F
2-2: Foul Ball, location: 2F
2-2: Strikes out swinging
Pitching: RHP Steve King
Pinch Hitting: RHB Jim Unknown 0-0: Ground out 4-3 (Groundball, 34)
Bottom of the 8th over - 0 run(s), 0 hit(s), 0 error(s), 0 left on base; Gryfindor 6 - Alaskan 6
TOP OF THE 9TH
Gryfindor Braves batting - Pitching for Alaskan Humpbacks : RHP Jim Unknown
Pitching: RHP Jim Unknown
Now at 2B: Jim Unknown
Now in CF: Paul Wright
Batting: SHB Emílio Gonzáles 0-0: Swinging Strike
0-1: Called Strike
0-2: DOUBLE (Line Drive, 78D)
Batting: SHB Reed Ramsey 0-0: Ball
1-0: Fly out, F8 (Flyball, 8LS)
Batting: LHB Jim Unknown 0-0: Ball
1-0: Ball
2-0: Called Strike
2-1: Called Strike
2-2: Strikes out swinging
Batting: RHB Jim Unknown 0-0: Called Strike
0-1: Foul Ball, location: 2F
0-2: SINGLE (Flyball, 89S)
Emílio Gonzáles to third
Runner from 3rd tries for Home, SAFE, no throw or cutoff
Pitching: RHP Colijn de Goedere
Batting: RHB Jim Unknown 0-0: Ball
1-0: Ball
2-0: Ground out 5-3 (Groundball, 56)
Top of the 9th over - 1 run(s), 2 hit(s), 0 error(s), 1 left on base; Gryfindor 7 - Alaskan 6
BOTTOM OF THE 9TH
Alaskan Humpbacks batting - Pitching for Gryfindor Braves : RHP Steve King
Pitching: RHP Gabe Stephenson
Batting: RHB Iván Hernández 0-0: Foul Ball, location: 2F
0-1: Bunted foul
0-2: Foul Ball, location: 2F
0-2: Foul Ball, location: 2F
0-2: Foul Ball, location: 2F
0-2: Ball
1-2: Foul Ball, location: 2F
1-2: Ball
2-2: Foul Ball, location: 2F
2-2: Ball
3-2: Fly out, F7 (Line Drive, 78M)
Batting: SHB Al Anderson 0-0: Ball
1-0: Called Strike
1-1: Ball
2-1: Ball
3-1: Base on Balls
Batting: RHB Román Centena 0-0: Ground out 5-3 (Groundball, 56S)
Al Anderson to second
Batting: LHB Tom Benjamin 0-0: 2-RUN HOME RUN (Flyball, 89XD), Distance : 433 ft
This league is powered by Out of the Park Baseball, the baseball management simulation game for PC, Mac and Linux
Friday, July 8th, 2016 - OOTP Baseball 16.9 Build 39